Map: Cyber Forest LE

Players

DarthBhan - Winner!

  • Race: Terran Terran
  • League: Platinum
  • Spawn Location: 11:00

Parkkatz

  • Race: Zerg Zerg
  • League: Platinum
  • Spawn Location: 5:00

VOD

Have the link to the VOD?

Description

Time

  • Played on: July 4, 2019, 11:51 p.m.
  • Length: 11:41
Show
View Real Time Build Order
Export as new Build Order

DarthBhan Terran - Winner!

Build Orders:  

Get SALT Encoding   

  12  0:01  SCV  
  13  0:13  SCV  
  14  0:17  Supply Depot  
  14  0:25  SCV  
  15  0:29  Refinery  
  15  0:39  SCV  
  16  0:45  Barracks  
  16  0:51  SCV  
  17  1:03  SCV  
  18  1:15  SCV  
  19  1:27  SCV  
  20  1:35  Reaper  
  20  1:39  Orbital Command  
  21  1:48  Command Center  
  21  1:58  Factory  
  21  2:06  Marine  
  22  2:10  Supply Depot  
  22  2:16  SCV  
  22  2:17  Refinery  
  23  2:32  Marine, SCV  
  25  2:45  Barracks  
  25  2:46  Starport  
  25  2:50  Factory Tech Lab  
  25  2:51  Marine  
  25  3:03  Bunker  
  25  3:05  Orbital Command  
  25  3:07  SCV  
  26  3:16  Siege Tank  
  29  3:22  SCV  
  30  3:34  SCV  
  31  3:45  SCV  
  32  3:48  Barracks Tech Lab  
  32  3:56  Barracks Reactor  
  32  3:59  Supply Depot  
  32  4:03  Supply Depot  
  32  4:05  SCV x2  
  34  4:12  Stimpack  
  34  4:17  Engineering Bay, SCV x2  
  34  4:19  Engineering Bay  
  34  4:20  Marine  
  34  4:23  Starport Reactor  
  37  4:27  Siege Tank  
  37  4:29  SCV x2  
  42  4:32  Marine x2  
  44  4:41  SCV  
  44  4:42  Refinery  
  44  4:43  SCV  
  44  4:44  Refinery  
  46  4:52  Supply Depot  
  46  4:53  SCV  
  46  4:55  Marine x3  
  46  4:59  Terran Infantry Weapons Level 1  
  50  5:10  Barracks  
  50  5:12  Terran Infantry Armor Level 1  
  50  5:13  Marine x2  
  52  5:17  Viking  
  52  5:18  Medivac  
  52  5:21  Marine  
  57  5:30  SCV x2  
  57  5:31  Marine  
  59  5:42  Marine, SCV x2  
  62  5:43  Command Center  
  62  5:54  SCV x2  
  64  6:06  SCV  
  64  6:07  SCV  
  64  6:09  Marine x2  
  68  6:12  Combat Shield  
  68  6:13  Barracks Reactor  
  68  6:14  Medivac  
  70  6:19  Supply Depot  
  70  6:21  Armory  
  70  6:25  Marine, Siege Tank, Medivac, SCV x2  
  78  6:33  Supply Depot  
  78  6:40  Marine x2, SCV  
  78  6:43  Marine  
  82  6:55  SCV x2  
  82  6:57  Planetary Fortress  
  82  6:58  Marine  
  82  7:01  Marine x2  
  87  7:02  Siege Tank  
  84  7:20  Sensor Tower  
  84  7:28  Barracks  
  84  7:34  Siege Tank  
  85  7:47  Marine x2  
  85  7:48  Marine x3  
  90  7:55  Barracks  
  80  8:18  Sensor Tower  
  80  8:25  Marine x4  
  79  8:30  Barracks Tech Lab  
  79  8:32  Marine  
  75  8:35  Siege Tank  
  75  8:36  Medivac x2  
  78  8:42  Marine  
  78  8:43  Marine x3  
  82  8:50  Marine, Barracks Reactor  
  83  9:00  Marine x2  
  83  9:01  Marine x2  
  87  9:07  Siege Tank  
  87  9:08  Marine  
  86  9:11  Marine  
  86  9:14  Medivac x2  
  89  9:18  Marine x3  
  89  9:19  Marine  
  92  9:26  Marine  
  92  9:27  Marine x2  
  92  9:29  Marine  
  92  9:31  Concussive Shells  
  96  9:36  Marine x4  
  100  9:39  Siege Tank  
  100  9:43  Marine, Medivac  
  100  9:45  Marine x2  
  107  9:47  Marine  
  109  9:55  Command Center  
  109  10:01  Marine x5  
  109  10:03  Marine x2  
  116  10:19  Marine  
  117  10:25  Siege Tank  
  117  10:28  Marine  
  117  10:30  Marine x3  
  117  10:31  Marine  
  117  10:32  Marauder x2  
  115  10:37  Marine  
  116  10:45  Marine  
  117  10:55  Marine  
  117  10:58  Marine  
  117  11:00  Marine  
  117  11:01  Marine  
  117  11:02  Marine, Siege Tank, Medivac, Marauder  
  117  11:04  Marauder  
  117  11:05  Marine  
  114  11:12  Marine  
  114  11:15  Marine  
  114  11:18  Marine  
  116  11:19  Marine x2  
  116  11:20  SCV  
  116  11:21  SCV  
  116  11:22  Marine  
Show
View Real Time Build Order
Export as new Build Order

Parkkatz Zerg 

Build Orders: Hatch First 

Get SALT Encoding   

  12  0:01  Drone  
  13  0:12  Overlord  
  13  0:17  Drone  
  14  0:31  Drone x2  
  16  0:46  Drone  
  16  0:47  Drone  
  18  0:56  Drone  
  19  1:03  Extractor  
  18  1:13  Hatchery  
  18  1:15  Spawning Pool  
  16  1:28  Drone x2  
  16  1:29  Drone  
  19  1:44  Overlord  
  19  2:09  Queen  
  19  2:10  Zergling x4  
  19  2:13  Zergling x2  
  24  2:19  Metabolic Boost  
  24  2:27  Drone  
  24  2:28  Drone  
  26  2:34  Queen  
  28  2:37  Drone x2  
  30  2:46  Queen  
  30  2:47  Overlord  
  32  2:57  Drone  
  32  2:58  Drone x2  
  35  3:07  Drone  
  35  3:09  Drone  
  37  3:16  Drone x2  
  37  3:17  Drone  
  37  3:54  Drone  
  37  3:55  Drone  
  39  3:57  Extractor  
  38  4:05  Drone x3  
  38  4:06  Overlord  
  41  4:18  Drone  
  41  4:22  Extractor  
  41  4:24  Zergling x6  
  43  4:25  Zergling x6  
  47  4:31  Hatchery  
  47  4:36  Drone x3  
  49  4:46  Drone x2  
  49  4:47  Drone  
  52  4:53  Roach Warren  
  52  4:54  Evolution Chamber  
  52  4:58  Overlord  
  50  5:01  Drone  
  50  5:05  Overlord  
  51  5:22  Lair  
  51  5:25  Overlord  
  51  5:41  Roach x3  
  51  5:42  Roach x4  
  67  5:43  Roach x2  
  67  5:48  Zerg Missile Weapons Level 1  
  69  5:54  Drone x3  
  69  5:55  Drone x4  
  76  6:06  Overlord  
  76  6:09  Overlord  
  76  6:10  Overlord x2  
  76  6:16  Spore Crawler  
  75  6:21  Spore Crawler  
  74  6:33  Glial Reconstitution  
  74  6:45  Extractor  
  73  6:47  Drone x2  
  73  6:50  Drone x4  
  73  6:51  Drone x5  
  84  7:01  Drone x4  
  83  7:14  Roach x2  
  83  7:15  Roach x3  
  76  7:19  Roach x2  
  76  7:20  Roach x5  
  88  7:25  Roach x3, Extractor  
  88  7:26  Roach, Extractor  
  94  7:30  Roach x2  
  94  7:31  Queen x2  
  94  7:32  Queen  
  104  7:39  Drone  
  104  7:40  Drone  
  104  7:42  Overlord  
  106  7:54  Drone  
  106  7:55  Drone x2  
  97  7:59  Roach x5  
  97  8:00  Roach x4  
  105  8:12  Roach  
  101  8:13  Roach x2  
  101  8:18  Roach  
  101  8:19  Roach x3  
  104  8:23  Roach  
  104  8:26  Roach, Drone  
  103  8:27  Roach  
  95  8:36  Roach x3  
  99  8:59  Zergling x24  
  111  9:04  Hatchery  
  100  9:12  Zerg Missile Weapons Level 2  
  92  9:23  Roach x12  
  106  9:26  Overlord  
  106  9:27  Overlord  
  106  9:43  Overseer  
  106  9:48  Roach x7  
  106  9:49  Roach  
  106  9:51  Overlord x4  
  122  10:17  Drone x4  
  122  10:18  Drone x2  
  116  10:32  Roach x8  
  116  10:33  Roach x3  
  98  10:44  Roach x3  
  98  10:45  Roach x3  
  97  10:54  Roach  
  97  10:55  Roach x4  
  88  11:04  Roach x2  
  88  11:05  Roach  
  88  11:06  Roach  
  78  11:11  Drone  
  78  11:18  Roach x5  
  78  11:19  Roach x5  
Tags
 
Add a new tag
Caveats
  • Supply blocks, unpowered buildings, or Contaminate may cause inaccurate times.
  • Supply counts are checked every 10 seconds.